Map: Port Aleksander LE

Players

bittercoffee

  • Race: Zerg Zerg
  • League: Platinum
  • Spawn Location: 5:00

Cliggity - Winner!

  • Race: Protoss Protoss
  • Spawn Location: 11:00

VOD

Have the link to the VOD?

Description

Phoenix fun

Time

  • Played on: Dec. 9, 2018, 12:54 a.m.
  • Length: 15:32
Show
View Real Time Build Order
Export as new Build Order

bittercoffee Zerg 

Build Orders: Hatch First, Roach Hydra 

Get SALT Encoding   

  12  0:01  Drone  
  13  0:13  Overlord  
  13  0:18  Drone  
  14  0:33  Drone x2  
  16  0:37  Drone  
  17  0:56  Hatchery  
  16  0:59  Drone  
  17  1:14  Spawning Pool  
  17  1:16  Drone  
  17  1:28  Drone x2  
  17  1:30  Drone  
  20  1:40  Overlord  
  20  1:44  Extractor  
  19  1:56  Drone  
  20  2:06  Queen  
  22  2:11  Queen, Drone x2  
  26  2:20  Drone x2  
  28  2:33  Drone x2  
  28  2:34  Drone  
  31  2:41  Drone  
  32  2:45  Overlord  
  32  2:47  Queen  
  32  2:49  Lair  
  34  2:51  Drone  
  34  2:56  Drone  
  36  3:02  Roach Warren  
  35  3:06  Evolution Chamber, Drone  
  35  3:07  Drone  
  36  3:13  Drone  
  36  3:17  Drone x2  
  36  3:19  Extractor, Drone  
  39  3:22  Extractor  
  39  3:23  Overlord  
  38  3:30  Drone x3  
  41  3:41  Zerg Missile Weapons Level 1  
  41  3:44  Drone x3  
  41  3:45  Drone  
  45  3:50  Glial Reconstitution  
  45  3:55  Drone x2  
  46  3:59  Roach  
  46  4:00  Roach  
  51  4:03  Overlord  
  51  4:12  Overlord  
  51  4:21  Roach x3  
  59  4:24  Roach  
  59  4:26  Overlord  
  59  4:34  Spore Crawler  
  59  4:36  Spore Crawler  
  57  4:40  Roach x2, Hydralisk Den  
  57  4:44  Queen  
  57  4:45  Overlord  
  62  4:54  Roach x3  
  68  5:07  Overlord x2  
  68  5:11  Overlord  
  68  5:12  Grooved Spines  
  68  5:27  Hydralisk x4  
  68  5:28  Hydralisk  
  78  6:07  Overlord x2  
  78  6:08  Overlord x3  
  74  6:23  Hydralisk x3  
  74  6:39  Hydralisk x5, Hatchery  
  73  6:40  Hydralisk x4  
  81  6:55  Hydralisk x3  
  81  6:57  Drone x3  
  88  7:09  Drone x3  
  91  7:15  Muscular Augments  
  87  7:42  Roach  
  87  7:43  Roach x5  
  99  7:46  Overlord  
  99  7:49  Overlord  
  99  8:01  Overlord x3  
  99  8:13  Burrow  
  99  8:15  Roach  
  99  8:16  Roach x2  
  105  8:26  Roach  
  107  8:31  Hydralisk x3  
  111  8:37  Hydralisk x2  
  111  8:38  Hydralisk x2  
  119  8:49  Extractor  
  119  8:50  Zerg Ground Armor Level 1  
  119  8:55  Hatchery  
  117  8:57  Evolution Chamber  
  117  8:58  Roach x3  
  122  9:04  Overlord x3  
  122  9:05  Overlord  
  122  9:16  Overlord x3  
  122  9:19  Overlord  
  122  9:24  Queen  
  124  9:39  Overlord  
  124  9:40  Overlord x3  
  124  9:55  Roach x8  
  140  10:03  Roach  
  134  10:07  Roach x5  
  134  10:09  Roach  
  116  10:20  Ravager  
  105  10:24  Ravager  
  105  10:27  Roach  
  105  10:28  Roach x5  
  98  10:39  Spire  
  98  10:42  Drone x4  
  95  10:43  Drone  
  95  10:49  Drone x2  
  99  10:50  Drone  
  99  10:51  Drone  
  99  10:56  Hydralisk  
  100  11:12  Hydralisk x4  
  108  11:22  Drone x6  
  114  11:26  Drone x3  
  114  11:27  Drone  
  118  11:40  Extractor  
  118  11:41  Extractor  
  118  11:42  Drone x4  
  118  11:43  Drone x4  
  118  11:44  Overlord  
  124  11:48  Drone x4  
  128  11:57  Corruptor  
  128  11:58  Corruptor  
  128  12:01  Hydralisk x2  
  132  12:04  Extractor  
  132  12:06  Extractor  
  96  12:33  Corruptor x2  
  96  12:34  Corruptor x7  
  110  12:47  Drone  
  110  12:48  Drone x4  
  105  12:52  Corruptor  
  105  12:53  Corruptor x2  
  109  13:18  Hydralisk x7  
  123  13:25  Metabolic Boost  
  123  13:45  Zergling x18  
  123  13:46  Zergling x12  
  132  13:50  Hatchery, Zergling x2  
  132  13:51  Zergling x2  
  126  13:57  Zergling x4  
  120  14:05  Zergling x2  
  120  14:09  Zergling x2  
  115  14:10  Zergling x8  
  115  14:24  Zergling x2  
  115  14:25  Zergling x4  
  118  14:32  Hatchery  
  118  14:37  Infestation Pit  
  110  15:03  Hatchery  
  108  15:12  Hatchery  
Show
View Real Time Build Order
Export as new Build Order

Cliggity Protoss - Winner!

Build Orders: 1 Gate Expand, Phoenix Opening 

Get SALT Encoding   

  12  0:01  Probe  
  13  0:13  Probe  
  14  0:23  Pylon  
  14  0:25  Probe  
  15  0:38  Probe  
  16  0:46  Probe  
  16  0:51  Gateway  
  16  0:55  Assimilator  
  16  0:56  Probe  
  18  1:08  Probe  
  19  1:20  Probe  
  20  1:29  Nexus  
  20  1:42  Cybernetics Core  
  20  1:45  Probe  
  21  1:50  Pylon  
  21  1:57  Assimilator  
  21  2:07  Probe  
  22  2:20  Probe  
  23  2:26  Stargate  
  23  2:31  Adept  
  25  2:38  Probe x2  
  27  2:46  Probe  
  27  2:47  Gateway  
  28  2:56  Probe  
  28  2:57  Probe, Warp Gate  
  30  3:08  Probe  
  30  3:10  Phoenix, Probe  
  34  3:16  Probe  
  34  3:19  Probe  
  34  3:24  Probe  
  36  3:27  Probe  
  36  3:31  Gateway  
  38  3:35  Probe  
  38  3:37  Phoenix  
  41  3:43  Probe  
  41  3:47  Probe  
  43  3:50  Assimilator  
  43  3:55  Probe  
  44  3:56  Pylon  
  44  3:59  Probe  
  45  4:13  Assimilator  
  45  4:14  Phoenix, Probe x2  
  45  4:16  Pylon  
  49  4:18  Stargate  
  49  4:26  Probe x2  
  51  4:38  Probe x2  
  51  4:40  Phoenix  
  54  4:50  Probe  
  55  4:57  Twilight Council  
  55  4:58  Gateway  
  55  5:01  Pylon  
  55  5:02  Phoenix  
  55  5:03  Pylon  
  55  5:04  Pylon  
  55  5:05  Phoenix  
  59  5:11  Stalker  
  61  5:43  Nexus  
  61  5:45  Pylon  
  59  5:50  Zealot x3  
  59  5:54  Phoenix  
  59  6:08  Zealot  
  61  6:20  Pylon  
  61  6:22  Pylon  
  59  6:26  Phoenix  
  59  6:27  Phoenix  
  60  6:51  Phoenix  
  60  6:52  Phoenix  
  63  6:58  Probe x2  
  63  7:02  Probe  
  63  7:03  Charge  
  63  7:05  Gateway  
  63  7:06  Probe  
  63  7:08  Cybernetics Core  
  66  7:14  Probe  
  68  7:16  Phoenix  
  68  7:33  Probe  
  68  7:34  Probe x2  
  69  7:44  Probe x2  
  69  7:50  Probe  
  71  7:52  Probe x2  
  71  7:58  Probe  
  74  8:00  Probe x2  
  77  8:05  Zealot  
  77  8:06  Probe, Zealot x3  
  77  8:08  Robotics Facility  
  77  8:10  Robotics Facility  
  77  8:12  Probe  
  85  8:21  Pylon  
  85  8:34  Zealot x4  
  85  8:36  Gateway  
  85  8:41  Forge  
  93  8:44  Gateway  
  93  8:45  Gateway  
  93  8:46  Assimilator  
  93  8:47  Forge  
  93  8:55  Zealot  
  93  8:56  Zealot x3  
  93  8:59  Immortal x2  
  101  9:03  Protoss Ground Weapons Level 1  
  101  9:05  Templar Archives  
  109  9:18  Probe x2  
  109  9:19  Probe  
  109  9:20  Assimilator  
  109  9:23  Photon Cannon  
  109  9:24  Photon Cannon  
  108  9:27  Photon Cannon  
  112  9:38  Immortal, Observer  
  111  9:56  Protoss Ground Armor Level 1  
  112  10:00  Observer, Zealot x4  
  112  10:01  Zealot x2  
  110  10:17  Immortal  
  106  10:21  Immortal  
  106  10:23  Zealot x7  
  114  10:29  Probe x3  
  107  10:51  Probe x2  
  107  10:57  Psionic Storm  
  109  11:00  Nexus  
  109  11:03  Pylon  
  109  11:05  Pylon  
  109  11:07  Assimilator  
  109  11:09  Immortal x2  
  109  11:11  High Templar x6  
  119  11:12  Assimilator  
  121  11:24  Zealot  
  123  11:26  Protoss Ground Weapons Level 2  
  123  11:47  Zealot x2  
  123  11:48  Zealot x5  
  123  11:50  Immortal, Gateway x2  
  123  11:51  Pylon  
  123  11:53  Pylon  
  141  11:55  Pylon  
  129  12:12  Archon  
  129  12:13  Archon x2  
  125  12:16  Zealot x2  
  125  12:17  Zealot x5  
  104  12:39  Probe x2  
  104  12:40  Probe x2  
  104  12:41  Zealot x6  
  112  12:47  Probe x2  
  112  12:48  Probe x2  
  113  12:54  Observer  
  113  12:55  Zealot x2  
  113  12:56  Probe x3  
  120  12:58  Probe  
  120  13:01  High Templar x4  
  132  13:21  High Templar x5  
  142  13:36  Warp Prism, Immortal  
  142  14:05  Warp Prism  
  142  14:07  Immortal  
  132  14:14  Zealot x3  
  132  14:15  Zealot x6  
  144  14:36  High Templar x6  
  144  14:37  Immortal  
  156  14:39  Stargate  
  156  14:40  Stargate  
  156  14:41  Archon x2  
  156  14:44  Archon  
  156  14:45  Immortal  
  160  14:49  Observer  
  150  15:29  Fleet Beacon  
Tags
 
Add a new tag
Caveats
  • Supply blocks, unpowered buildings, or Contaminate may cause inaccurate times.
  • Supply counts are checked every 10 seconds.